 Dungeon Sprint DCSS version 0.21-a0-243-g597973d (webtiles) character file.

32490 terra52 the Wrestler (level 13, -19/122 (123) HPs)
             Began as a Ghoul Gladiator on Sept 4, 2017.
             Was the Champion of Wu Jian.
             Demolished by Lom Lobon (25 damage)
             ... in the Dungeon (Sprint I: "Red Sonja").
             The game lasted 00:29:20 (2680 turns).

terra52 the Wrestler (Ghoul Gladiator)              Turns: 2680, Time: 00:29:20

HP:   -19/122 (123) AC: 13    Str: 25    XL:     13   Next: 64%
MP:   30/30         EV: 23    Int:  3    God:    Wu Jian [******]
Gold: 3832          SH:  2    Dex: 20    Spells: 11/12 levels left

rFire    . . .     SeeInvis +     - Unarmed
rCold    + + +     Gourm    .   (no shield)
rNeg     + + +     Faith    .   t - +1 leather armour "Cuila" {rC++ Str-2 Slay+4 SInv}
rPois    ∞         Spirit   .   x - +0 helmet (curse)
rElec    +         Reflect  +   r - +1 cloak of Starlight {rElec rC+ EV+4 Stlth--}
rCorr    .         Harm     .   l - +2 pair of gloves {Str+3}
MR       .....     NoTele   +   y - +0 pair of boots
Stlth    ++........             n - amulet "Peenaum" {Reflect rN+ MP+9 SH+2}
HPRegen  0.00/turn              w - ring of Sojeot {rC- Dex+7 Slay+5 SInv Stlth+}
MPRegen  0.22/turn              G - ring "Xoqy" {*Drain rElec MP+9 Str+4}

@: exhausted, frozen, flying (expiring), rotting, glowing, heavenly storm, very
slow
A: rotting body, claws 1, carnivore 3, cold resistance 1, negative energy
resistance 3, inhibited regeneration, torment resistance, unbreathing
a: Serpent's Lash, Heavenly Storm, Renounce Religion


You were in the Dungeon.
You worshipped Wu Jian.
Wu Jian was exalted by your worship.
You were not hungry.

You visited 1 branch You collected 6118 gold pieces.
You spent 2286 gold pieces at shops.

Inventory:

Missiles
 k - 6 curare-tipped needles
 A - a throwing net (quivered)
Armour
 a - a +0 leather armour
 b - a +0 helmet
 c - a +0 ring mail
 l - a +2 pair of gloves of strength (worn)
 r - the +1 cloak of Starlight (worn) {rElec rC+ EV+4 Stlth--}
   (You bought it in a shop in the Dungeon)

   It affects your evasion (+4).
   It protects you from cold.
   It insulates you from electricity.
   It makes you much less stealthy.
 t - the +1 leather armour "Cuila" (worn) {rC++ Str-2 Slay+4 SInv}
   (You found it in the Dungeon)

   It affects your strength (-2).
   It affects your accuracy and damage with ranged weapons and melee attacks
   (+4).
   It greatly protects you from cold.
   It lets you see invisible.
 u - the +1 chain mail of the Blind Marksman {rC+}
   (You found it in the Dungeon)

   It protects you from cold.
 x - a cursed +0 helmet (worn)
 y - a +0 pair of boots (worn)
 B - a +1 leather armour of fire resistance
 I - the +3 salamander hide armour {+Rage rF++}
   (You found it in the Dungeon)

   It greatly protects you from fire.
   It lets you go berserk.
Jewellery
 n - the amulet "Peenaum" (around neck) {Reflect rN+ MP+9 SH+2}
   (You acquired it in the Dungeon)

   [amulet of reflection]

   It shields you and reflects attacks.
   It protects you from negative energy.
   It affects your magic capacity (+9).
   It affects your SH (+2).
 o - an uncursed amulet of regeneration {unknown}
 s - an uncursed ring of stealth
 w - the ring of Sojeot (left hand) {rC- Dex+7 Slay+5 SInv Stlth+}
   (You acquired it in the Dungeon)

   [ring of stealth]

   It affects your dexterity (+7).
   It affects your accuracy and damage with ranged weapons and melee attacks
   (+5).
   It makes you vulnerable to cold.
   It lets you see invisible.
   It makes you more stealthy.
 C - an uncursed ring of protection from cold
 F - the ring "Ynaonafe" {Fire *Slow rElec Slay+2}
   (You found it in the Dungeon)

   [ring of fire]

   It enhances your fire magic.
   It affects your accuracy and damage with ranged weapons and melee attacks
   (+2).
   It protects you from fire.
   It makes you vulnerable to cold.
   It insulates you from electricity.
   It may slow you when you take damage.
 G - the ring "Xoqy" (right hand) {*Drain rElec MP+9 Str+4}
   (You found it in the Dungeon)

   [ring of magical power]

   It affects your strength (+4).
   It insulates you from electricity.
   It affects your magic capacity (+9).
   It causes draining when unequipped.
 H - the ring "Azot" {*Corrode rF+ rN++ Str+2 Stlth+}
   (You found it in the Dungeon)

   [ring of strength]

   It affects your strength (+2).
   It protects you from fire.
   It greatly protects you from negative energy.
   It may corrode you when you take damage.
   It makes you more stealthy.
 J - a +2 ring of intelligence {unknown}
Scrolls
 j - 3 scrolls of blinking
 z - a scroll of recharging {unknown}
Potions
 e - a potion of curing
 f - 3 potions of heal wounds
 g - 2 potions of haste
 h - 2 potions of magic
 i - a potion of berserk rage
 m - a potion of agility
 q - a potion of might
 E - a potion of flight
Books
 v - the Catalogue of the Twisted Volcanoes
   (You found it in the Dungeon)

   Spells                             Type                      Level
   a - Animate Skeleton               Necromancy                   1
   b - Ignite Poison                  Fire/Transmutation/Poison    3
   c - Bolt of Fire                   Conjuration/Fire             6
   d - Ignition                       Fire                         8
Miscellaneous
 D - a fan of gales
Comestibles
 d - 3 meat rations
 p - 2 chunks of flesh


   Skills:
 * Level 13.9 Fighting
 + Level 5.2 Throwing
 + Level 7.2 Armour
 + Level 9.5 Dodging
 + Level 15.0 Stealth
 * Level 26.9 Unarmed Combat


You had 11 spell levels left.
You knew the following spells:

 Your Spells              Type           Power        Failure   Level  Hunger
a - Animate Skeleton      Necr           N/A          56%         1    ##.....


Dungeon Overview and Level Annotations

Branches:
Dungeon (1/1)

Altars:
Cheibriados
Dithmenos
Elyvilon
Fedhas
Gozag
Hepliaklqana
Kikubaaqudgha
Makhleb
Nemelex Xobeh
Okawaru
Qazlal
Ru
Sif Muna
Trog
Uskayaw
Vehumet
Wu Jian
Xom
Yredelemnul
Zin
The Shining One
Jiyva
Lugonu

Shops:
D }(?[(!%:([?:!?:}!!([}?

Annotations:
D Lom Lobon, Tiamat


Innate Abilities, Weirdness & Mutations

Your body is rotting away.
You thrive on raw meat.
You are immune to poison.
You have sharp fingernails.
You are carnivorous and can eat meat at any time.
Your flesh is cold resistant. (rC+)
You are immune to negative energy. (rN+++)
You do not regenerate when monsters are visible.
You are immune to unholy pain and torment.
You can survive without breathing.


Message History

Lom Lobon is severely wounded.
You barely miss Lom Lobon.
Lom Lobon is severely wounded.
You closely miss Lom Lobon. Your punch misses Lom Lobon.
Lom Lobon is severely wounded.
You feel your flesh rotting away.
* * * LOW HITPOINT WARNING * * *
x2 The ball lightning explodes!
The blast of lightning engulfs you! You resist.
* * * LOW HITPOINT WARNING * * *
The blast of lightning engulfs Lom Lobon.
Lom Lobon completely resists.
The ball lightning explodes!
The blast of lightning engulfs you! You resist.
* * * LOW HITPOINT WARNING * * *
The blast of lightning engulfs Lom Lobon.
Lom Lobon completely resists.
Lom Lobon gestures.
Lom Lobon is healed.
Lom Lobon hits you!!
You die...

###§#(.'......####'#.##)##.......
§§#§#####...###....#§#≈≈≈##......
§#'.#)((#####)..####§#≈≈≈≈##.(..(
§####)......).###§.§ #≈≈≈≈≈######
≈##).)....#####§§§§####≈≈≈≈#≈≈≈≈§
###.(....##§§§§§§§§#..#'≈≈≈'≈≈.§≈
# #.....##.§§§§§§§§#...##≈≈#≈≈§≈≈
###.....#.§§§§§§§§§#....######'##
∩######## #§§§@§§#....#≈≈≈≈≈≈≈≈
###≈≈≈≈≈≈≈≈d#§§§&§§#######≈≈≈≈≈≈≈
# ###########§§§§§§§§§#|.'...≈≈≈≈
#..0..+...§§§§§§§#§§'|.#.......
###############################


You could see Lom Lobon.

Vanquished Creatures
  the Lernaean hydra (D)
  A golden dragon (D)
  A shadow dragon (D)
  3 fire giants (D)
  A lorocyproca (D)
  A deep elf annihilator (D)
  A mummy priest (D)
  A hydra (D)
  2 centaur warriors (D)
  7 unseen horrors (D)
  A deep troll (D)
  A lindwurm (D)
  8 shining eyes (D)
  2 oklob plants (D)
  A merfolk siren (D)
  2 gargoyles (D)
  2 kobold demonologists (D)
  4 demonic crawlers (D)
  A hellwing (D)
  A hornet (D)
  A slime creature (D)
  Sigmund (D)
  2 redbacks (D)
  13 hogs (D)
  A yak (D)
  7 floating eyes (D)
  7 necrophages (D)
  An ogre (D)
  8 jellies (D)
  Ijyb (D)
  4 ballistomycetes (D)
  A ballistomycete spore (D)
89 creatures vanquished.

Vanquished Creatures (others)
  A deep elf master archer (D)
  A fire giant (D)
  Sonja (D)
  A merfolk siren (D)
  4 hornets (D)
  2 ball lightnings (D)
  A ballistomycete spore (D)
11 creatures vanquished.

Grand Total: 100 creatures vanquished

Notes
Turn   | Place    | Note
-------+----------+-------------------------------------------
     0 | D        | terra52 the Ghoul Gladiator began the quest for the Orb.
     0 | D        | Reached XP level 1. HP: 17/17 MP: 0/0
     1 | D        | Noticed Ijyb
    12 | D        | Killed Ijyb
    12 | D        | Reached skill level 5 in Unarmed Combat
    12 | D        | Reached XP level 2. HP: 23/25 MP: 1/1
    12 | D        | Reached XP level 3. HP: 28/30 MP: 2/2
    19 | D        | Noticed an ogre
    25 | D        | Killed an ogre
    25 | D        | Reached skill level 5 in Dodging
    25 | D        | Reached skill level 7 in Unarmed Combat
    25 | D        | Reached XP level 4. HP: 38/40 MP: 3/3
    32 | D        | Noticed Sigmund
    43 | D        | Killed Sigmund
    43 | D        | Reached skill level 5 in Stealth
    43 | D        | Reached skill level 9 in Unarmed Combat
    43 | D        | Reached XP level 5. HP: 34/47 MP: 4/4
    43 | D        | Reached XP level 6. HP: 39/53 MP: 5/5
    56 | D        | Found a deep blue altar of Sif Muna.
    57 | D        | Found an ornate altar of the Wu Jian Council.
    58 | D        | Found a radiant altar of Vehumet.
    66 | D        | Became a worshipper of the Wu Jian Council
    77 | D        | Found Sauxaigu's Armour Emporium.
    77 | D        | Found an ancient bone altar of Kikubaaqudgha.
    77 | D        | Found a hazy altar of Hepliaklqana.
    77 | D        | Found a stormy altar of Qazlal.
    77 | D        | Found a hide-covered altar of Uskayaw.
    77 | D        | Found a blossoming altar of Fedhas.
    77 | D        | Found a bloodstained altar of Trog.
    77 | D        | Found an iron altar of Okawaru.
    77 | D        | Found a basalt altar of Yredelemnul.
    77 | D        | Found a glowing golden altar of the Shining One.
    77 | D        | Found a snail-covered altar of Cheibriados.
    77 | D        | Found a sacrificial altar of Ru.
    77 | D        | Found a glowing silver altar of Zin.
    77 | D        | Found a shadowy altar of Dithmenos.
    77 | D        | Found a white marble altar of Elyvilon.
    77 | D        | Noticed a yak
    78 | D        | Found an opulent altar of Gozag.
    88 | D        | Killed a yak
    88 | D        | Reached skill level 5 in Fighting
    88 | D        | Reached skill level 10 in Unarmed Combat
    88 | D        | Reached XP level 7. HP: 47/61 MP: 6/6
    89 | D        | Found a sparkling altar of Nemelex Xobeh.
   180 | D        | Bought a +2 pair of gloves of strength for 236 gold pieces
   197 | D        | Found a burning altar of Makhleb.
   197 | D        | Found a viscous altar of Jiyva.
   197 | D        | Found a shimmering altar of Xom.
   197 | D        | Found a corrupted altar of Lugonu.
   197 | D        | Noticed a slime creature
   206 | D        | Killed a slime creature
   206 | D        | Reached skill level 1 in Armour
   206 | D        | Reached skill level 11 in Unarmed Combat
   232 | D        | Noticed a kobold demonologist
   234 | D        | Noticed a kobold demonologist
   237 | D        | Noticed an orange demon
   255 | D        | Killed a kobold demonologist
   255 | D        | Reached * piety under Wu Jian
   255 | D        | Reached skill level 12 in Unarmed Combat
   255 | D        | Reached XP level 8. HP: 58/71 MP: 7/7
   263 | D        | Killed a kobold demonologist
   263 | D        | Reached skill level 13 in Unarmed Combat
   321 | D        | Noticed Sonja
   340 | D        | Killed Sonja
   340 | D        | Reached skill level 5 in Throwing
   340 | D        | Reached skill level 14 in Unarmed Combat
   340 | D        | Reached XP level 9. HP: 63/80 MP: 8/8
   396 | D        | Found Wogan's Gadget Boutique.
   410 | D        | Noticed a shining eye
   410 | D        | Noticed a shining eye
   410 | D        | Noticed a shining eye
   412 | D        | Paralysed by a floating eye for 2 turns
   413 | D        | Noticed a shining eye
   416 | D        | Reached ** piety under Wu Jian
   422 | D        | Noticed a shining eye
   425 | D        | Killed a shining eye
   425 | D        | Reached skill level 15 in Unarmed Combat
   425 | D        | Paralysed by a floating eye for 2 turns
   429 | D        | Reached *** piety under Wu Jian
   429 | D        | Reached skill level 10 in Stealth
   433 | D        | Killed a shining eye
   433 | D        | Reached skill level 16 in Unarmed Combat
   434 | D        | Noticed a shining eye
   436 | D        | Noticed a shining eye
   436 | D        | Noticed a shining eye
   439 | D        | Killed a shining eye
   441 | D        | Killed a shining eye
   441 | D        | Reached XP level 10. HP: 89/89 MP: 9/9
   443 | D        | Killed a shining eye
   443 | D        | Reached **** piety under Wu Jian
   443 | D        | Reached skill level 17 in Unarmed Combat
   450 | D        | Killed a shining eye
   451 | D        | Killed a shining eye
   451 | D        | Reached skill level 18 in Unarmed Combat
   453 | D        | Killed a shining eye
   456 | D        | Found Icivian's Weapon Shoppe.
   456 | D        | Found Edwud's Antique Weapon Shop.
   456 | D        | Found Qearaogh's Magic Scroll Emporium.
   456 | D        | Found Xaext's Distillery.
   470 | D        | Bought a potion of agility for 52 gold pieces
   715 | D        | Noticed a deep troll
   721 | D        | Killed a deep troll
   721 | D        | Reached ***** piety under Wu Jian
   736 | D        | Found Xievejan's Armour Emporium.
   761 | D        | Noticed a centaur warrior
   770 | D        | Killed a centaur warrior
   770 | D        | Reached skill level 19 in Unarmed Combat
   774 | D        | Noticed a centaur warrior
   778 | D        | Killed a centaur warrior
   778 | D        | Reached skill level 10 in Fighting
   778 | D        | Reached skill level 5 in Armour
   778 | D        | Reached XP level 11. HP: 79/99 MP: 10/10
   825 | D        | Bought the +1 cloak of Starlight {rElec rC+ EV+4 Stlth--} for 578 gold pieces
   825 | D        | Found the +1 cloak of Starlight {rElec rC+ EV+4 Stlth--}
   844 | D        | Noticed an oklob plant
   848 | D        | Killed an oklob plant
   853 | D        | Reached skill level 20 in Unarmed Combat
   890 | D        | Killed an unseen horror
   906 | D        | Killed an unseen horror
   919 | D        | Reached ****** piety under Wu Jian
   934 | D        | Reached skill level 21 in Unarmed Combat
   950 | D        | Got an ancient leather armour
   950 | D        | Killed a deep elf master archer
   952 | D        | Got an ichor-stained chain mail
   985 | D        | Identified the +1 leather armour "Cuila" {rC++ Str-2 Slay+4 SInv} (You found it in the Dungeon)
   995 | D        | Identified the +1 chain mail of the Blind Marksman {rC+} (You found it in the Dungeon)
  1011 | D        | Found Fozetiff's Book Shoppe.
  1011 | D        | Found Wemyps's Food Shop.
  1011 | D        | Found Liditet's Antique Weapon Boutique.
  1013 | D        | Found Ibrohapo's Antique Armour Emporium.
  1013 | D        | Found Kigufo's Magic Scroll Shop.
  1013 | D        | Found Lyevam's Book Shoppe.
  1013 | D        | Found Kaaletzo's Distillery.
  1013 | D        | Found Rinoblea's Magic Scroll Emporium.
  1013 | D        | Found Yjoatsi's Book Shop.
  1013 | D        | Found Jidghad's Gadget Shoppe.
  1016 | D        | Found Janebila's Distillery.
  1017 | D        | Found Ezacw's Weapon Emporium.
  1017 | D        | Found Lischieq's Distillery.
  1018 | D        | Found Rown's Gadget Emporium.
  1042 | D        | Bought a scroll of acquirement for 728 gold pieces
  1043 | D        | Got a steaming bone ring
  1044 | D        | Identified the ring of Sojeot {rC- Dex+7 Slay+5 SInv Stlth+} (You acquired it in the Dungeon)
  1048 | D        | Got a crude tin amulet
  1049 | D        | Identified the amulet "Peenaum" {Reflect rN+ MP+9 SH+2} (You acquired it in the Dungeon)
  1061 | D        | Bought a glowing helmet for 142 gold pieces
  1107 | D        | Bought a +0 pair of boots for 58 gold pieces
  1177 | D        | Noticed a lorocyproca
  1192 | D        | Killed a lorocyproca
  1192 | D        | Reached skill level 22 in Unarmed Combat
  1356 | D        | Noticed a lindwurm
  1357 | D        | Killed a lindwurm
  1365 | D        | Reached XP level 12. HP: 91/110 MP: 11/11
  1388 | D        | Noticed a 12-headed hydra
  1389 | D        | Killed a 12-headed hydra
  1389 | D        | Reached skill level 23 in Unarmed Combat
  1518 | D        | Bought a +1 leather armour of fire resistance for 154 gold pieces
  1647 | D        | Noticed a shadow dragon
  1647 | D        | Noticed a golden dragon
  1663 | D        | Killed a golden dragon
  1665 | D        | Killed a shadow dragon
  1665 | D        | Reached skill level 24 in Unarmed Combat
  1673 | D        | Identified the Catalogue of the Twisted Volcanoes
  1699 | D        | Learned a level 1 spell: Animate Skeleton
  1744 | D        | Found Ceceitygh's Magic Scroll Shoppe.
  1782 | D        | Noticed the 27-headed Lernaean hydra
  1784 | D        | Noticed a deep elf annihilator
  1787 | D        | Killed the 27-headed Lernaean hydra
  1787 | D        | Reached skill level 25 in Unarmed Combat
  1787 | D        | Reached XP level 13. HP: 84/119 MP: 12/12
  2074 | D        | Noticed a mummy priest
  2078 | D        | Killed a deep elf annihilator
  2154 | D        | Bought a potion of haste for 130 gold pieces
  2154 | D        | Bought a potion of flight for 39 gold pieces
  2154 | D        | Bought a potion of flight for 39 gold pieces
  2154 | D        | Bought 2 potions of heal wounds for 130 gold pieces
  2222 | D        | Got a slimy golden ring
  2229 | D        | Killed a mummy priest
  2229 | D        | Lost intelligence.
  2237 | D        | Identified the ring "Ynaonafe" {Fire *Slow rElec Slay+2} (You found it in the Dungeon)
  2294 | D        | Found the +3 salamander hide armour {+Rage rF++}
  2312 | D        | Got a flickering silver ring
  2314 | D        | Got a clouded silver ring
  2319 | D        | Identified the ring "Xoqy" {*Drain rElec MP+9 Str+4} (You found it in the Dungeon)
  2320 | D        | Identified the ring "Azot" {*Corrode rF+ rN++ Str+2 Stlth+} (You found it in the Dungeon)
  2434 | D        | Noticed a daeva
  2445 | D        | Reached skill level 26 in Unarmed Combat
  2464 | D        | Noticed a fire giant
  2467 | D        | Noticed a fire giant
  2469 | D        | Noticed a fire giant
  2470 | D        | Killed a fire giant
  2473 | D        | Noticed a fire giant
  2474 | D        | Killed a fire giant
  2481 | D        | Killed a fire giant
  2481 | D        | Reached skill level 15 in Stealth
  2484 | D        | Killed a fire giant
  2516 | D        | Noticed Tiamat
  2671 | D        | Noticed Lom Lobon
  2680 | D        | HP: 6/122 [ball lightning[Lom Lobon] (2)]
  2680 | D        | Demolished by Lom Lobon

Vault maps used:
D:        dungeon_sprint_1

Skill      XL: |  1  2  3  4  5  6  7  8  9 10 11 12 13 |
---------------+----------------------------------------+-----
Throwing       | 2 3 4 5 |  5.2
Dodging        | 4 5 6 7 8 9 |  9.5
Unarmed Combat | 5 7 9 10 12 14 16 19 22 25 26 | 26.9
Fighting       | 3 4 5 6 7 8 10 11 12 13 | 13.9
Stealth        | 3 5 6 7 9 10 11 12 13 15 | 15.0
Armour         | 1 2 4 5 6 7 |  7.2

Action                   |  1- 3 |  4- 6 |  7- 9 | 10-12 | 13-15 || total
-------------------------+-------+-------+-------+-------+-------++-------
Melee: Unarmed           |    14 |    23 |    66 |   171 |    71 ||   345
       Punch             |       |     1 |     5 |    15 |    13 ||    34
Throw: Throwing net      |     2 |     1 |       |       |       ||     3
Invok: Serpent's Lash    |       |       |       |     2 |     2 ||     4
       Heavenly Storm    |       |       |       |       |     1 ||     1
  Use: Scroll            |       |       |       |     2 |     1 ||     3
       Potion            |       |       |       |     3 |     3 ||     6
 Stab: Held in net/web   |     1 |     1 |       |       |       ||     2
       Sleeping          |       |     2 |     1 |    11 |       ||    14
       Distracted        |       |       |       |       |     1 ||     1
  Eat: Chunk             |       |     2 |     4 |    29 |     8 ||    43
Armor: Leather armour    |     1 |       |       |    16 |     3 ||    20
       Ring mail         |       |       |    11 |     8 |       ||    19
Dodge: Dodged            |     1 |    11 |    22 |    55 |    19 ||   108
Block: Other             |       |       |       |     3 |     3 ||     6

Table legend:
 A = Spawn XP
 B = Non-spawn XP
 C = Spawn XP percentage of total XP
 D = Spawn monster count
 E = Non-spawn monster count
 F = Spawn count percentage of total count
 G = Total turns spent on level
                    A         B        C        D         E        F      G
               +---------+---------+-------+---------+---------+-------+---------
         Total |       0 |   46415 |   0.0 |       0 |      86 |   0.0 |  2680
               +---------+---------+-------+---------+---------+-------+---------
             D |       0 |   46415 |   0.0 |       0 |      86 |   0.0 |  2680
               +---------+---------+-------+---------+---------+-------+---------
